 Dungeon Crawl Stone Soup version 0.29.1-2-gbd0b4ee654 (webtiles) character file.

Game seed: 1309362963087715512

1512 sanboga the Ruffian (level 8, -2/64 HPs)
             Began as a Demonspawn Berserker on Nov 29, 2022.
             Was a Believer of Trog.
             Slain by a yak (8 damage)
             ... on level 5 of the Dungeon.
             The game lasted 00:05:57 (5141 turns).

sanboga the Ruffian (Demonspawn Berserker)          Turns: 5141, Time: 00:05:58

Health: -2/64      AC: 11    Str: 20    XL:     8   Next: 53%
Magic:  8/8        EV: 12    Int:  9    God:    Trog [**....]
Gold:   252        SH:  0    Dex: 12    Spells: 7/7 levels left

rFire   . . .      SeeInvis .     - Unarmed
rCold   . . .      Faith    .   (no shield)
rNeg    . . .      Spirit   .   a - +0 animal skin
rPois   .          Reflect  .   (helmet restricted)
rElec   .          Harm     .   f - +0 cloak
rCorr   .          Rampage  .   b - +1 pair of gloves
Will    .....                   e - +2 pair of boots
Stlth   +.........              (no amulet)
HPRegen 0.20/turn               (no ring)
MPRegen 0.11/turn               (no ring)

@: on berserk cooldown, slowed, very slow
A: horns 2, yellow scales 1, powered by death 1
a: Renounce Religion, Berserk, Trog's Hand


You were on level 5 of the Dungeon.
You worshipped Trog.
Trog was pleased with you.
You visited 1 branch of the dungeon, and saw 5 of its levels.

You collected 252 gold pieces.

Inventory:

Armour
 a - a +0 animal skin (worn)
 b - a +1 pair of gloves (worn)
 e - a +2 pair of boots (worn)
 f - a +0 cloak (worn)
Jewellery
 r - a ring of positive energy
Wands
 q - a wand of flame (20)
Scrolls
 c - 2 scrolls of fear
 g - a scroll of identify
 h - a scroll of enchant weapon
 i - a scroll of teleportation
 o - 2 scrolls of blinking
Potions
 d - a potion of mutation {unknown}
 k - a potion of flight {unknown}
 l - a potion of might {unknown}
 n - a potion of heal wounds {unknown}
 p - a potion of curing
 t - a potion of berserk rage
 x - a potion of ambrosia {unknown}


   Skills:
 + Level 6.1 Fighting
 + Level 5.1 Armour
 - Level 1.7 Dodging
 * Level 7.5 Unarmed Combat


You had 7 spell levels left.
You didn't know any spells.
Your spell library was empty.

Dungeon Overview and Level Annotations

Branches:
Dungeon (5/15)             Temple (0/1) D:4

Altars:

Shops:
D:3 !*   D:4 *


Innate Abilities, Weirdness & Mutations

You have a pair of horns on your head.
You are partially covered in yellow scales. (AC +2)
You regenerate a little health from kills.


Message History

You punch the yak! You headbutt the yak.
You kill the yak!
Trog accepts your kill.
An orc comes into view. It is wielding a +0 club.
The orc hits you with a +0 whip. The yak closely misses you.
Your Fighting skill increases to level 6!
Your Armour skill increases to level 5!
You are too injured to fight recklessly!
You are too injured to fight recklessly!
You are too injured to fight recklessly!
You barely miss the orc.
The orc shouts!
Your headbutt misses the orc. You pummel the orc!!
You kill the orc!
Trog accepts your kill.
The orc priest calls down the wrath of Beogh upon you.
Beogh smites you!
You hit the yak.
The yak is lightly wounded.
You are no longer berserk.
You are exhausted.
You feel yourself slow down.
You hit the yak. You headbutt the yak.
The yak is moderately wounded.
The yak gores you!
* * * LOW HITPOINT WARNING * * *
The yak gores you!
* * * LOW HITPOINT WARNING * * *
You punch the yak! You headbutt the yak.
The yak is heavily wounded.
The yak gores you.
* * * LOW HITPOINT WARNING * * *
You hit the yak.
The yak is heavily wounded.
The yak gores you but does no damage.
You completely miss the yak. You headbutt the yak.
The yak is severely wounded.
The yak gores you!
You die...

#.# #.#.
..##.## #.#
#... .......
#.# #...
.(.$... #.#
#.## .......
#.# #...
....... #.#
#### .......
#.#
#.....o###.#
.....ooY@..#
......o#####
######. #.
#. #. #. ###
.. ...


You could see a yak, an orc priest and 3 orcs.

Vanquished Creatures
  4 yaks (D:5)
  Menkaure (D:5)
  A water moccasin (D:4)
  A black bear (D:5)
  An ogre (D:4)
  Blork the orc (D:5)
  A howler monkey (D:5)
  Crazy Yiuf (D:3)
  2 hounds
  3 iguanas
  Jessica (D:3)
  8 gnolls
  7 adders
  A white imp (D:5)
  An ufetubus (D:4)
  4 worms
  An orc (D:5)
  10 bats
  2 endoplasms
  3 giant cockroaches (D:4)
  5 goblins
  4 hobgoblins
  7 jackals
  6 quokkas
  5 ball pythons
  2 frilled lizards
  4 kobolds
  7 rats
94 creatures vanquished.

Vanquished Creatures (others)
  4 toadstools (D:1)
4 creatures vanquished.

Grand Total: 98 creatures vanquished

Notes
Turn   | Place    | Note
-------+----------+-------------------------------------------
     0 | D:1      | sanboga the Demonspawn Berserker began the quest for the
                  | Orb.
     0 | D:1      | Reached XP level 1. HP: 18/18 MP: 1/1
   104 | D:1      | Reached skill level 3 in Unarmed Combat
   104 | D:1      | Gained mutation: You regenerate a little health from kills.
                  | [demonic ancestry]
   104 | D:1      | Reached XP level 2. HP: 24/24 MP: 2/2
   333 | D:1      | Reached XP level 3. HP: 24/29 MP: 3/3
   993 | D:2      | Found a faded altar of an unknown god.
   993 | D:2      | Noticed a great orb of eyes
   998 | D:2      | Noticed a shining eye
  1119 | D:2      | Noticed a floating eye
  1120 | D:2      | Noticed a floating eye
  1224 | D:2      | Gained mutation: You are partially covered in yellow
                  | scales. (AC +2) [demonic ancestry]
  1224 | D:2      | Reached XP level 4. HP: 14/35 MP: 4/4
  1517 | D:2      | Reached ** piety under Trog
  1910 | D:3      | Found Zes Gaim's Distillery.
  1944 | D:3      | Found Zin's Purification Station.
  2092 | D:3      | Noticed Jessica
  2100 | D:3      | Reached skill level 4 in Unarmed Combat
  2107 | D:3      | Killed Jessica
  2108 | D:3      | Reached XP level 5. HP: 9/42 MP: 5/5
  2614 | D:3      | Found a runed translucent door.
  2615 | D:3      | Noticed Crazy Yiuf
  2624 | D:3      | Killed Crazy Yiuf
  3073 | D:4      | Noticed an ogre
  3083 | D:4      | Killed an ogre
  3254 | D:4      | Gained mutation: You have a pair of small horns on your
                  | head. [demonic ancestry]
  3254 | D:4      | Reached XP level 6. HP: 48/48 MP: 6/6
  3281 | D:4      | Found Zedidi's Assorted Antiques.
  3345 | D:4      | Reached skill level 5 in Unarmed Combat
  3414 | D:4      | Noticed a water moccasin
  3425 | D:4      | Killed a water moccasin
  3753 | D:4      | Found a staircase to the Ecumenical Temple.
  4646 | D:5      | Entered Level 5 of the Dungeon
  4662 | D:5      | Noticed Blork the orc
  4669 | D:5      | Noticed Menkaure
  4679 | D:5      | Killed Blork the orc
  4680 | D:5      | Reached XP level 7. HP: 55/55 MP: 7/7
  4683 | D:5      | Reached skill level 5 in Fighting
  4684 | D:5      | Killed Menkaure
  4685 | D:5      | Reached skill level 6 in Unarmed Combat
  5112 | D:5      | Noticed a yak
  5112 | D:5      | Noticed a yak
  5112 | D:5      | Noticed a yak
  5113 | D:5      | Noticed a yak
  5113 | D:5      | Noticed a yak
  5121 | D:5      | Killed a yak
  5122 | D:5      | Gained mutation: You have a pair of horns on your head.
                  | [demonic ancestry]
  5122 | D:5      | Reached XP level 8. HP: 55/63 MP: 8/8
  5128 | D:5      | Reached skill level 7 in Unarmed Combat
  5134 | D:5      | Reached skill level 5 in Armour
  5141 | D:5      | Slain by a yak

Illustrated notes

Levels and vault maps discovered:
D:1:      ldierk_walled_garden_2, layout_basic, minmay_misc_feat_alley,
          minmay_indecisive_spiral
D:2:      layout_basic, hellmonk_ecumenical_altar_watching_god
D:3:      layout_loops_corners, zin_purify, serial_shops,
          nicolae_shop_window_shopping, uniq_jessica, uniq_crazy_yiuf_cottage
D:4:      layout_cave_pods, temple_fountains, serial_shops,
          nicolae_take_the_stairs, bh_walls_and_bars
D:5:      layout_basic, serial_shops, nicolae_shop_competitors_out_of_business,
          uniq_sigmund, uniq_blork_the_orc, uniq_menkaure

Skill      XL: |  1  2  3  4  5  6  7  8 |
---------------+-------------------------+-----
Armour         | 2 3 4 5 |  5.1
Unarmed Combat | 3 4 5 6 7 |  7.5
Fighting       | 4 5 6 |  6.1
Dodging        | |  1.7

Action                   |  1- 3 |  4- 6 |  7- 9 || total
-------------------------+-------+-------+-------++-------
Melee: Unarmed           |   100 |   227 |    59 ||   386
       Punch             |     3 |     4 |     4 ||    11
       Headbutt          |       |    14 |    11 ||    25
Invok: Berserk           |     2 |     4 |     1 ||     7
  Use: Scroll            |       |    11 |       ||    11
       Potion            |       |     2 |       ||     2
 Stab: Sleeping          |     1 |     2 |       ||     3
Armor: Animal skin       |    28 |    73 |    17 ||   118
Dodge: Dodged            |    71 |   164 |    16 ||   251
